 Dungeon Crawl Stone Soup version 0.18-a0-1702-gd20c6a5 (webtiles) character file.

276 azaza322 the Shield-Bearer (level 6, -2/39 HPs)
             Began as a Gargoyle Fighter on Apr 7, 2016.
             Killed by divine providence
             ... invoked by an orc priest
              (13 damage)
             ... on level 4 of the Dungeon.
             The game lasted 00:04:16 (2296 turns).

azaza322 the Shield-Bearer (Gargoyle Fighter)       Turns: 2296, Time: 00:04:17

Health: -2/39      AC: 12    Str: 20    XL:     6   Next: 25%
Magic:  6/6        EV:  7    Int:  9    God:
Gold:   65         SH:  9    Dex: 10    Spells: 0 memorised, 5 levels left

rFire  . . .     SeeInvis .     a - +0 flail
rCold  . . .     Gourm    .     t - +0 scale mail (curse)
rNeg   + . .     Faith    .     c - +0 shield
rPois  ∞         Spirit   .     (no helmet)
rElec  +         Dismiss  .     u - +0 cloak
rCorr  .         Reflect  .     (no gloves)
SustAt .         Harm     .     (no boots)
MR     .....                    (no amulet)
Stlth  ..........               (no ring)
                                x - ring of wizardry

@: not resistant to hostile enchantments, extremely unstealthy
A: negative energy resistance 1, electricity resistance, unbreathing,
petrification resistance, rot immunity, AC +4
a: no special abilities


You were on level 4 of the Dungeon.
You were not hungry.

You visited 1 branch of the dungeon, and saw 4 of its levels.

You collected 65 gold pieces.

Inventory:

Hand Weapons
 a - a +0 flail (weapon)
Armour
 c - a +0 shield (worn)
 t - a cursed +0 scale mail (worn)
 u - a +0 cloak (worn)
Jewellery
 x - a ring of wizardry (left hand)
Scrolls
 b - a scroll of random uselessness {unknown}
 g - a scroll of enchant weapon {unknown}
 h - 2 scrolls of immolation {unknown}
 k - a scroll of recharging {unknown}
 l - a scroll of amnesia {unknown}
 m - 4 scrolls of remove curse {unknown}
 o - a scroll of blinking {unknown}
 q - a scroll of fear {unknown}
 v - a scroll of teleportation {unknown}
 y - 3 scrolls of identify {unknown}
Potions
 d - a potion of might
 e - 3 potions of curing
 j - 2 potions of agility {unknown}
 n - 2 potions of degeneration {unknown}
 p - 3 potions of brilliance {unknown}
Comestibles
 f - 3 bread rations
 i - a meat ration
 r - a slice of pizza
 s - a beef jerky


   Skills:
 + Level 4.3 Fighting
 + Level 3.6 Maces & Flails
 + Level 4.3 Armour
 - Level 0.5 Dodging
 + Level 5.0 Shields


You had 5 spell levels left.
You didn't know any spells.

Dungeon Overview and Level Annotations

Branches:
Dungeon (4/15)
 Temple: D:4-7

Altars:
Ashenzari
Dithmenos
Nemelex Xobeh
Pakellas


Innate Abilities, Weirdness & Mutations

You are resistant to torment.
Your stone body is resilient (AC +4).
You are immune to poison.
You resist negative energy.
You are resistant to electric shocks.
You can survive without breathing.
You are immune to petrification.
You are immune to rotting.


Message History

You closely miss something.
Something hits you but does no damage. x2
You closely miss something. You block something's attack.
Something hits you but does no damage.
The orc priest calls down the wrath of Beogh upon you.
Something hits you but does no damage.
You hit something but do no damage. Something hits you but does no damage.
The orc priest looks braver for a moment.
You hear some strange, mumbled words.
A puff of flame appears from out of thin air!
The puff of flame hits you! Something hits you.
You feel better.
Something hits you but does no damage. x2
You sock something!
The orc priest calls down the wrath of Beogh upon you.
Beogh smites you!
* * * LOW HITPOINT WARNING * * *
Something hits you but does no damage. x2
You closely miss something.
The orc priest invokes the aid of Beogh against you.
Beogh smites you!
You die...

......##'#........<...#
........................
....#...................
... #.....###...........
. #.....#.............
... #.....#.............
#oo.#.....#.........#...
....#.....#.........#...
.....##@.##......
.....o{{.........
P.....###.###....
....<............
P....!>....##....
............# ..
............#
..........†.....#
............###.#


You could see an orc priest.

Vanquished Creatures
  A phantom (D:3)
  An orc wizard (D:4)
  Terence (D:2)
  An iguana (D:4)
  Ijyb (D:2)
  2 adders
  3 dart slugs (D:1)
  An orc (D:3)
  4 ball pythons
  2 giant cockroaches (D:3)
  3 goblins
  5 hobgoblins
  5 jackals
  4 kobolds
  A quokka (D:2)
  11 bats
  A giant gecko skeleton (D:4)
  3 giant newts
  10 rats
60 creatures vanquished.

Notes
Turn   | Place    | Note
--------------------------------------------------------------
     0 | D:1      | azaza322 the Gargoyle Fighter began the quest for the Orb.
     0 | D:1      | Reached XP level 1. HP: 14/14 MP: 1/1
   221 | D:1      | Reached XP level 2. HP: 13/19 MP: 2/2
   695 | D:1      | Reached XP level 3. HP: 19/23 MP: 3/3
   760 | D:2      | Found a faded altar to an unknown god.
   760 | D:2      | Noticed Ijyb
   776 | D:2      | Killed Ijyb
   776 | D:2      | Reached skill level 4 in Shields
   790 | D:2      | Found a shattered altar of Ashenzari.
   808 | D:2      | Noticed Terence
   837 | D:2      | Killed Terence
   837 | D:2      | Reached XP level 4. HP: 26/29 MP: 4/4
   889 | D:2      | Found a shadowy altar of Dithmenos.
  1660 | D:3      | Noticed a phantom
  1707 | D:3      | Killed a phantom
  1707 | D:3      | Reached XP level 5. HP: 12/33 MP: 5/5
  1958 | D:3      | Found a sparkling altar of Nemelex Xobeh.
  2087 | D:3      | Found an oddly glowing altar of Pakellas.
  2268 | D:4      | Reached skill level 5 in Shields
  2268 | D:4      | Reached XP level 6. HP: 22/38 MP: 6/6
  2296 | D:4      | Killed from afar by an orc priest

Vault maps used:
D:1:      evilmike_arrival_fibonacci_small
D:2:      lemuel_doored_altar, lemuel_crystal_altar, ecumenical_altar_1,
          uniq_terence, uniq_iyjb
D:3:      lemuel_round_altar, lemuel_coloured_pillars_altar,
          minmay_misc_feat_iff
D:4:      cheibrodos_gnoll_hut

Skill      XL: |  1  2  3  4  5 |
---------------+----------------+-----
Shields        | 4 5 |  5.0
Fighting       | 4 |  4.3
Maces & Flails | 3 |  3.6
Armour         | 4 |  4.3
Dodging        | |  0.5

Action                   |  1- 3 |  4- 6 || total
-------------------------+-------+-------++-------
Melee: Flail             |   112 |   184 ||   296
  Use: Potion            |       |     2 ||     2
  Eat: Chunk             |       |     5 ||     5
